 Dungeon Crawl Stone Soup version 0.29.1-12-g30fa7ad0bf (webtiles) character file.

Game seed: 16818700186079756815

83 wormed the Trooper (level 4, 0/29 HPs)
             Began as a Gargoyle Fighter on Dec 20, 2022.
             Slain by a shadow imp (2 damage)
             ... summoned by Natasha
             ... on level 2 of the Dungeon.
             The game lasted 00:02:18 (2018 turns).

wormed the Trooper (Gargoyle Fighter)               Turns: 2018, Time: 00:02:19

Health: 0/29       AC: 10    Str: 22    XL:     4   Next: 44%
Magic:  4/4        EV:  9    Int:  8    God:
Gold:   31         SH:  4    Dex:  9    Spells: 3/3 levels left

rFire   . . .      SeeInvis .   g - +0 whip
rCold   . . .      Faith    .   c - +0 buckler
rNeg    + . .      Spirit   .   b - +0 scale mail
rPois   ∞          Reflect  .   (no helmet)
rElec   +          Harm     .   (no cloak)
rCorr   .          Rampage  .   (no gloves)
Will    .....                   (no boots)
Stlth   ..........              (no amulet)
HPRegen 0.09/turn               (no ring)
MPRegen 0.09/turn               (no ring)

@: mighty, brilliant, flying
A: sickness immunity, AC +3, negative energy resistance 1, electricity
resistance, torment resistance 1, petrification resistance
a: no special abilities


You were on level 2 of the Dungeon.
You visited 1 branch of the dungeon, and saw 2 of its levels.

You collected 31 gold pieces.

Inventory:

Hand Weapons
 a - a +0 flail
 g - a +0 whip (weapon)
Armour
 b - a +0 scale mail (worn)
 c - a +0 buckler (worn)
Scrolls
 e - a scroll of identify
Potions
 f - a potion of brilliance


   Skills:
 + Level 3.8 Fighting
 * Level 3.2 Maces & Flails
 + Level 3.8 Armour
 + Level 3.8 Shields


You had 3 spell levels left.
You didn't know any spells.
Your spell library contained the following spells:

 Spells                   Type           Power      Damage    Failure   Level
 Summon Small Mammal      Summ           0%         N/A       82%         1
 Alistair's Intoxication  Tmut/Pois      0%         N/A       100%        5
 Borgnjor's Vile Clutch   Necr/Erth      0%         N/A       100%        5
 Eringya's Noxious Bog    Tmut/Pois      0%         N/A       100%        6


Dungeon Overview and Level Annotations

Branches:
Dungeon (2/15)

Altars:

Annotations:
D:2 Natasha


Innate Abilities, Weirdness & Mutations

You are immune to sickness and miasma.
Your stone body is resilient. (AC +3)
You are immune to poison.
You resist negative energy. (rN+)
You are resistant to electric shocks. (rElec)
You are resistant to unholy torment.
You are immune to petrification.


Message History

You hit Natasha but do no damage. Natasha claws you.
You hit Natasha but do no damage. The shadow imp closely misses you.
Natasha wildly gestures.
You feel disoriented. Natasha claws you.
You closely miss Natasha. The shadow imp gestures at you.
Pain shoots through your body! You block Natasha's attack.
You hit Natasha.
Natasha is lightly wounded.
The shadow imp hits you. Natasha claws you.
* * * LOW HITPOINT WARNING * * *
You are too injured to fight recklessly!
You are too injured to fight recklessly!
You are too injured to fight recklessly!
You are too injured to fight recklessly!
You are too injured to fight recklessly!
You are too injured to fight recklessly!
You are too injured to fight recklessly!
You are too injured to fight recklessly!
You are too injured to fight recklessly!
Natasha attacks as you move away! Natasha claws you.
* * * LOW HITPOINT WARNING * * *
You barely miss the shadow imp. The shadow imp hits you.
* * * LOW HITPOINT WARNING * * *
You feel very mighty all of a sudden.
The shadow imp hits you but does no damage.
You closely miss the shadow imp. You block the shadow imp's attack.
Natasha mumbles some strange words.
It was a potion of brilliance.
You feel clever all of a sudden. The shadow imp completely misses you.
The crimson imp blinks!
It was a potion of flight.
You feel very buoyant.
You fly up into the air.
The shadow imp misses you.
As you read the scroll labelled LEIROD VYIK, it crumbles to dust.
It is a scroll of identify.
You don't have any unidentified items.
The shadow imp hits you.
You die...

######### # #........ ...
#........ ....###
#........
.......##########........
......h5@.5.....>........
.......#########.........
....... #.........
....... ####.#.######
..#.... #....#÷###... .
#.... #.#..#.#.'... #####
#.#..#.#.#...
#.#..#...#...
#....#####...


You could see Natasha, a crimson imp (summoned) and a shadow imp (summoned).

Vanquished Creatures
  Natasha (D:2)
  An adder (D:2)
  A worm (D:2)
  2 dart slugs
  6 endoplasms (D:1)
  A giant cockroach (D:1)
  7 goblins
  5 hobgoblins
  2 jackals (D:1)
  A quokka (D:2)
  4 ball pythons
  3 frilled lizards (D:1)
  2 kobolds (D:1)
  4 rats
40 creatures vanquished.

Notes
Turn   | Place    | Note
-------+----------+-------------------------------------------
     0 | D:1      | wormed the Gargoyle Fighter began the quest for the Orb.
     0 | D:1      | Reached XP level 1. HP: 14/14 MP: 1/1
    72 | D:1      | Reached XP level 2. HP: 15/19 MP: 2/2
   419 | D:1      | Found a faded altar of an unknown god.
   425 | D:1      | Got Plato's Opusculum on Calling
   894 | D:1      | Reached XP level 3. HP: 23/23 MP: 3/3
  1649 | D:2      | Noticed Natasha
  1682 | D:2      | HP: 1/24 [Natasha (8)]
  1684 | D:2      | Killed Natasha
  1685 | D:2      | Reached XP level 4. HP: 2/29 MP: 4/4
  1993 | D:2      | Noticed Natasha
  2018 | D:2      | Slain by a shadow imp

Illustrated notes

Levels and vault maps discovered:
D:1:      doesnt_arrival_eight_statues, layout_basic,
          shapermc_ecumenical_altar_rom_forum, serial_park_tiny_pond
D:2:      layout_basic, st_stairs_9, nicolae_titane, uniq_jessica, uniq_natasha

Skill      XL: |  1  2  3 |
---------------+----------+-----
Maces & Flails | 3 |  3.2
Fighting       | |  3.8
Armour         | |  3.8
Shields        | |  3.8

Action                   |  1- 3 |  4- 6 || total
-------------------------+-------+-------++-------
Melee: Flail             |    80 |       ||    80
       Whip              |    49 |    12 ||    61
  Use: Potion            |       |     3 ||     3
       Scroll            |       |     1 ||     1
Armor: Scale mail        |    56 |     3 ||    59
Dodge: Dodged            |    76 |     4 ||    80
Block: Buckler           |    28 |     4 ||    32
